A
CIENFUEGOS PALMETTOS @ FORT MYERS CAPITALS
04/17/2060
 
TOP OF THE 1ST
Janesville Rolling Thunder batting - Pitching for Fort Myers Capitals : RHP Edward Nock
Pitching: RHP Edward Nock
Batting: LHB Skylar Reid 0-0: Called Strike
0-1: Ground out 6-3 (Groundball, P, EV 85.6 MPH)
Batting: RHB Garick Ocasio 0-0: Ball
1-0: Foul Ball, location: 2F
1-1: Single, Error in OF, E8, batter to second base (Line Drive, 4D, EV 102.5 MPH)
Batting: LHB James Bullock 0-0: Called Strike
0-1: Ball
1-1: Ball
2-1: Called Strike
Garick Ocasio steals 3rd base
2-2: Ball
3-2: Ground out 5-3 (Groundball, 56S, EV 83.1 MPH)
Garick Ocasio scores
Batting: SHB Donavan Bonner 0-0: Called Strike
0-1: Swinging Strike
0-2: Foul Ball, location: 2F
0-2: Ball
1-2: Ground out 5-3 (Groundball, 56S, EV 78.8 MPH)
Top of the 1st over - 1 run, 1 hit, 1 error, 0 left on base; Janesville 1 - Fort Myers 0
BOTTOM OF THE 1ST
Fort Myers Capitals batting - Pitching for Janesville Rolling Thunder : LHP Grant Henry
Pitching: LHP Grant Henry
Batting: RHB Mitchell Metz 0-0: Ball
1-0: Called Strike
1-1: Ground out 6-3 (Groundball, 56D, EV 83.1 MPH)
Batting: RHB Abraham Koziarz 0-0: Called Strike
0-1: Foul Ball, location: 2F
0-2: Foul Ball, location: 2F
0-2: Ball
1-2: Fly out, F5 (Line Drive, 5L, EV 72.5 MPH)
Batting: RHB Grant Essenmacher 0-0: Swinging Strike
0-1: Swinging Strike
0-2: Foul Ball, location: 2F
0-2: Foul Ball, location: 2F
0-2: SINGLE (Flyball, 8LS, EV 98.8 MPH)
Batting: RHB Grant Grossman 0-0: Ball
1-0: Ground out 5-3 (Groundball, 56S, EV 71.2 MPH)
Bottom of the 1st over - 0 runs, 1 hit, 0 errors, 1 left on base; Janesville 1 - Fort Myers 0
TOP OF THE 2ND
Janesville Rolling Thunder batting - Pitching for Fort Myers Capitals : RHP Edward Nock
Batting: RHB Carter Carbon 0-0: Called Strike
0-1: Foul Ball, location: 2F
0-2: Ball
1-2: Foul Ball, location: 2F
1-2: Strikes out looking
Batting: RHB Bryce Laursen 0-0: Ball
1-0: Ground out 6-3 (Groundball, 56, EV 88.8 MPH)
Batting: RHB Chase Bird 0-0: Called Strike
0-1: Ball
1-1: Called Strike
1-2: Strikes out swinging
Top of the 2nd over - 0 runs, 0 hits, 0 errors, 0 left on base; Janesville 1 - Fort Myers 0
BOTTOM OF THE 2ND
Fort Myers Capitals batting - Pitching for Janesville Rolling Thunder : LHP Grant Henry
Batting: RHB Jordy Marchetta 0-0: Foul Ball, location: 2F
0-1: Foul Ball, location: 2F
0-2: Foul Ball, location: 2F
0-2: Ball
1-2: Strikes out looking
Batting: RHB Malcom Crowley 0-0: Foul Ball, location: 2F
0-1: Ball
1-1: SINGLE (Line Drive, 8LS, EV 103.1 MPH)
Batting: LHB Earnest Feher 0-0: Called Strike
0-1: Ball
1-1: Called Strike
1-2: Strikes out swinging
Batting: RHB Phil Klein 0-0: Foul Ball, location: 2F
0-1: Called Strike
0-2: Ball
1-2: Foul Ball, location: 2F
1-2: Ball
2-2: Foul Ball, location: 2F
2-2: Fielders Choice at 2nd, 5-4 (Groundball, 5, EV 83.1 MPH)
Bottom of the 2nd over - 0 runs, 1 hit, 0 errors, 1 left on base; Janesville 1 - Fort Myers 0
TOP OF THE 3RD
Janesville Rolling Thunder batting - Pitching for Fort Myers Capitals : RHP Edward Nock
Batting: SHB Dominick Edison 0-0: Ball
1-0: Called Strike
1-1: Ground out 2-3 (Groundball, 13S, EV 70.0 MPH)
Batting: SHB LeAntoine Alexander 0-0: SOLO HOME RUN (Flyball, 89XD, EV 101.9 MPH), Distance : 410 ft
Batting: LHB Skylar Reid 0-0: Ball
1-0: SINGLE (Groundball, 34D, EV 95.6 MPH)
Batting: RHB Garick Ocasio 0-0: Called Strike
0-1: Ball
1-1: DOUBLE (Line Drive, 9LM, EV 110.6 MPH)
Skylar Reid to third
Batting: LHB James Bullock 0-0: Ball
1-0: Called Strike
1-1: Foul Ball, location: 2F
1-2: Foul Ball, location: 2F
1-2: DOUBLE (Groundball, 3L, EV 105.6 MPH)
Skylar Reid scores
Garick Ocasio scores
Batting: SHB Donavan Bonner 0-0: Ball
1-0: Called Strike
1-1: Foul Ball, location: 2F
1-2: SINGLE (Groundball, 4MD, EV 98.8 MPH)
James Bullock to third
Pitching: RHP Draven Gay
Batting: RHB Carter Carbon 0-0: Ball
1-0: Ball
2-0: DOUBLE (Flyball, 8RXD, EV 93.1 MPH)
James Bullock scores
Donavan Bonner to third
Batting: RHB Bryce Laursen 0-0: Ball
1-0: Fly out, F7 (Flyball, 78M, EV 77.5 MPH)
Batting: RHB Chase Bird 0-0: Ball
1-0: Ball
2-0: Called Strike
2-1: Foul Ball, location: 2F
2-2: SINGLE (Flyball, 34D, EV 88.8 MPH)
Donavan Bonner scores
Carter Carbon to third
Batting: SHB Dominick Edison 0-0: Foul Ball, location: 2F
0-1: Called Strike
0-2: Foul Ball, location: 2F
0-2: Strikes out looking
Top of the 3rd over - 5 runs, 7 hits, 0 errors, 2 left on base; Janesville 6 - Fort Myers 0
BOTTOM OF THE 3RD
Fort Myers Capitals batting - Pitching for Janesville Rolling Thunder : LHP Grant Henry
Batting: LHB Julien Bachinsky 0-0: Swinging Strike
0-1: Ball
1-1: Swinging Strike
1-2: SINGLE (Groundball, 34D, EV 110.0 MPH)
Batting: RHB Mitchell Metz 0-0: DOUBLE (Flyball, 8LXD, EV 86.2 MPH)
Julien Bachinsky to third
Batting: RHB Abraham Koziarz 0-0: Foul Ball, location: 2F
0-1: Ball
1-1: Swinging Strike
1-2: Ball
2-2: Fly out, F8 (Line Drive, 8RD, EV 99.4 MPH)
Runner from 3rd tags up, SCORES, no throw by CF
Batting: RHB Grant Essenmacher 0-0: Ball
1-0: Foul Ball, location: 2F
1-1: Ball
2-1: Swinging Strike
2-2: Reached on error, E5 (Groundball, 56S, EV 78.8 MPH)
Mitchell Metz to third
Batting: RHB Grant Grossman 0-0: Foul Ball, location: 2F
0-1: Grounds into double play, 5-4-3 (Groundball, 56, EV 89.4 MPH)
Bottom of the 3rd over - 1 run, 2 hits, 1 error, 1 left on base; Janesville 6 - Fort Myers 1
TOP OF THE 4TH
Janesville Rolling Thunder batting - Pitching for Fort Myers Capitals : RHP Draven Gay
Batting: SHB LeAntoine Alexander 0-0: Ball
1-0: Ground out 4-3 (Groundball, 4, EV 88.8 MPH)
Batting: LHB Skylar Reid 0-0: Fly out, F9 (Flyball, 9, EV 96.2 MPH)
Batting: RHB Garick Ocasio 0-0: SINGLE (Flyball, 4D, EV 91.2 MPH)
Batting: LHB James Bullock 0-0: Ball
1-0: Swinging Strike
1-1: Ball
2-1: Ball
3-1: Base on Balls
Garick Ocasio to second
Batting: SHB Donavan Bonner 0-0: Ball
1-0: Ball
2-0: Ball
3-0: Base on Balls
Garick Ocasio to third
James Bullock to second
Pitching: LHP Zackary Cape
Batting: RHB Carter Carbon 0-0: Called Strike
0-1: Ball
1-1: Foul Ball, location: 2F
1-2: SINGLE (Groundball, 6MD, EV 101.9 MPH)
Garick Ocasio scores
James Bullock to third
Donavan Bonner to second
Runner from 3rd tries for Home, SAFE, throw by CF to home
Batting: RHB Bryce Laursen 0-0: Ball
1-0: Foul Ball, location: 2F
1-1: Ball
2-1: Called Strike
2-2: Ball
3-2: Base on Balls
Donavan Bonner to third
Carter Carbon to second
Batting: RHB Chase Bird 0-0: Ball
1-0: Called Strike
1-1: Ball
2-1: Ball
3-1: Called Strike
3-2: DOUBLE (Flyball, 8LXD, EV 98.8 MPH)
Donavan Bonner scores
Carter Carbon scores
Bryce Laursen to third
Bryce Laursen scores
Batting: SHB Dominick Edison 0-0: Ball
1-0: Ball
2-0: Called Strike
2-1: Ball
3-1: Foul Ball, location: 2F
3-2: Base on Balls
Pitching: LHP Adrian Tedesco
Batting: SHB LeAntoine Alexander 0-0: Called Strike
0-1: Called Strike
0-2: Ball
1-2: Foul Ball, location: 2F
1-2: Fly out, F7 (Flyball, 78S, EV 83.1 MPH)
Top of the 4th over - 5 runs, 3 hits, 0 errors, 2 left on base; Janesville 11 - Fort Myers 1
BOTTOM OF THE 4TH
Fort Myers Capitals batting - Pitching for Janesville Rolling Thunder : LHP Grant Henry
Batting: RHB Jordy Marchetta 0-0: Ball
1-0: Ball
2-0: Ground out 4-3 (Groundball, 4, EV 81.9 MPH)
Batting: RHB Malcom Crowley 0-0: Called Strike
0-1: Foul Ball, location: 2F
0-2: Ball
1-2: Foul Ball, location: 2F
1-2: Ball
2-2: SINGLE (Line Drive, 9S, EV 101.9 MPH)
Batting: LHB Earnest Feher 0-0: Grounds into double play, 4-6-3 (Groundball, 4, EV 90.6 MPH)
Bottom of the 4th over - 0 runs, 1 hit, 0 errors, 0 left on base; Janesville 11 - Fort Myers 1
TOP OF THE 5TH
Janesville Rolling Thunder batting - Pitching for Fort Myers Capitals : LHP Adrian Tedesco
Batting: LHB Skylar Reid 0-0: Called Strike
0-1: Ball
1-1: Ball
2-1: Ball
3-1: Base on Balls
Batting: RHB Garick Ocasio 0-0: Ball
1-0: Ball
2-0: Ball
3-0: Called Strike
3-1: Base on Balls
Skylar Reid to second
Batting: LHB James Bullock 0-0: Foul Ball, location: 2F
0-1: Ball
1-1: Ball
2-1: Grounds into double play, 1-6-3 (Groundball, 23, EV 71.2 MPH)
Skylar Reid to third
Pitching: RHP Isaac Anderson
Batting: SHB Donavan Bonner 0-0: Ball
1-0: Called Strike
1-1: Swinging Strike
1-2: Strikes out looking
Top of the 5th over - 0 runs, 0 hits, 0 errors, 1 left on base; Janesville 11 - Fort Myers 1
BOTTOM OF THE 5TH
Fort Myers Capitals batting - Pitching for Janesville Rolling Thunder : LHP Grant Henry
Batting: RHB Phil Klein 0-0: Ball
1-0: Ground out 6-3 (Groundball, 6, EV 103.8 MPH)
Batting: LHB Julien Bachinsky 0-0: Foul Ball, location: 2F
0-1: Foul Ball, location: 2F
0-2: Strikes out swinging
Batting: RHB Mitchell Metz 0-0: Called Strike
0-1: Foul Ball, location: 2F
0-2: Ball
1-2: Strikes out swinging
Bottom of the 5th over - 0 runs, 0 hits, 0 errors, 0 left on base; Janesville 11 - Fort Myers 1
TOP OF THE 6TH
Janesville Rolling Thunder batting - Pitching for Fort Myers Capitals : RHP Isaac Anderson
Batting: RHB Carter Carbon 0-0: Ball
1-0: Called Strike
1-1: Called Strike
1-2: SINGLE (Groundball, 6D, EV 98.1 MPH)
Batting: RHB Bryce Laursen 0-0: Called Strike
0-1: Swinging Strike
0-2: Foul Ball, location: 2F
0-2: Ball
1-2: Strikes out looking
Batting: RHB Chase Bird 0-0: Ball
1-0: Ball
2-0: Ball
3-0: Called Strike
3-1: DOUBLE (Line Drive, 78M, EV 113.8 MPH)
Carter Carbon to third
Pitching: RHP Nyeem Mora
Batting: SHB Dominick Edison 0-0: Ball
1-0: Ball
2-0: Ball
3-0: Called Strike
3-1: Swinging Strike
3-2: Foul Ball, location: 2F
3-2: Ground out 6-3 (Groundball, 6MS, EV 60.0 MPH)
Carter Carbon scores
Chase Bird to third
Batting: SHB LeAntoine Alexander 0-0: Called Strike
0-1: Ground out 5-3 (Groundball, 5, EV 103.1 MPH)
Top of the 6th over - 1 run, 2 hits, 0 errors, 1 left on base; Janesville 12 - Fort Myers 1
BOTTOM OF THE 6TH
Fort Myers Capitals batting - Pitching for Janesville Rolling Thunder : LHP Grant Henry
Batting: RHB Abraham Koziarz 0-0: SINGLE (Line Drive, 6D, EV 98.1 MPH)
Batting: RHB Grant Essenmacher 0-0: SINGLE (Groundball, 34D, EV 105.0 MPH)
Abraham Koziarz to second
Runner from 2nd tries for 3rd, SAFE, throw by RF made to third
Batting: RHB Grant Grossman 0-0: Called Strike
0-1: Ball
1-1: Fly out, F7 (Flyball, 7D, EV 88.1 MPH)
Runner from 3rd tags up, SCORES, throw by LF
Batting: RHB Jordy Marchetta 0-0: Called Strike
0-1: Foul Ball, location: 2F
0-2: Ball
1-2: Foul Ball, location: 2F
1-2: SINGLE (Groundball, 13S, EV 65.0 MPH) (infield hit)
Grant Essenmacher to second
Batting: RHB Malcom Crowley 0-0: Swinging Strike
0-1: Ball
1-1: Ball
2-1: Ball
3-1: Base on Balls
Grant Essenmacher to third
Jordy Marchetta to second
Batting: LHB Earnest Feher 0-0: Foul Ball, location: 2F
0-1: Fielders Choice at 2nd, 3-6 (Groundball, 3, EV 84.4 MPH)
Grant Essenmacher scores
Jordy Marchetta to third
Batting: RHB Phil Klein 0-0: Ball
1-0: Called Strike
1-1: Ball
2-1: Ball
3-1: Base on Balls
Earnest Feher to second
Batting: LHB Julien Bachinsky 0-0: Called Strike
0-1: Called Strike
0-2: Foul Ball, location: 2F
0-2: Ball
1-2: Ball
2-2: Foul Ball, location: 2F
2-2: SINGLE (Flyball, 89S, EV 93.1 MPH)
Jordy Marchetta scores
Earnest Feher to third
Phil Klein to second
Batting: RHB Mitchell Metz 0-0: Ball
1-0: Called Strike
1-1: Ball
2-1: Ground out 4-3 (Groundball, 4, EV 110.0 MPH)
Bottom of the 6th over - 3 runs, 4 hits, 0 errors, 3 left on base; Janesville 12 - Fort Myers 4
TOP OF THE 7TH
Janesville Rolling Thunder batting - Pitching for Fort Myers Capitals : RHP Nyeem Mora
Batting: LHB Skylar Reid 0-0: Ball
1-0: Ball
2-0: Called Strike
2-1: Swinging Strike
2-2: Ball
3-2: Foul Ball, location: 2F
3-2: Foul Ball, location: 2F
3-2: Base on Balls
Pinch Hitting: RHB Connor Collini 0-0: Ball
1-0: Ball
Wild Pitch!
Skylar Reid to second
2-0: Ball
3-0: Called Strike
3-1: Base on Balls
Batting: LHB James Bullock 0-0: Ball
1-0: Ball
2-0: Ball
3-0: Called Strike
3-1: Foul Ball, location: 2F
3-2: Base on Balls
Skylar Reid to third
Connor Collini to second
Batting: SHB Donavan Bonner 0-0: Swinging Strike
0-1: Ball
1-1: SINGLE (Groundball, 34D, EV 106.2 MPH)
Skylar Reid scores
Connor Collini to third
James Bullock to second
Batting: RHB Carter Carbon 0-0: Swinging Strike
0-1: Foul Ball, location: 2F
0-2: Ball
1-2: Ball
2-2: Strikes out swinging
Batting: RHB Bryce Laursen 0-0: Foul Ball, location: 2F
0-1: Called Strike
0-2: Ball
1-2: Ball
2-2: SINGLE (Groundball, 4S, EV 70.0 MPH) (infield hit)
Connor Collini scores
James Bullock to third
Donavan Bonner to second
Pitching: RHP Logan Donaldson
Batting: RHB Chase Bird 0-0: Called Strike
0-1: Ball
1-1: Fielders Choice at 2nd, 3-6 (Groundball, 34, EV 103.8 MPH)
James Bullock scores
Donavan Bonner to third
Batting: SHB Dominick Edison 0-0: Ball
1-0: Ground out 3-1 (Groundball, 34, EV 106.2 MPH)
Top of the 7th over - 3 runs, 2 hits, 0 errors, 2 left on base; Janesville 15 - Fort Myers 4
BOTTOM OF THE 7TH
Fort Myers Capitals batting - Pitching for Janesville Rolling Thunder : LHP Grant Henry
Now in LF: Connor Collini
Batting: RHB Abraham Koziarz 0-0: Ground out 3-1 (Groundball, 34, EV 84.4 MPH)
Pinch Hitting: LHB Owen Kriz 0-0: Ball
1-0: Fly out, F8 (Flyball, 8RXD, EV 100.6 MPH)
Batting: RHB Grant Grossman 0-0: Foul Ball, location: 2F
0-1: Called Strike
0-2: Strikes out swinging
Bottom of the 7th over - 0 runs, 0 hits, 0 errors, 0 left on base; Janesville 15 - Fort Myers 4
TOP OF THE 8TH
Janesville Rolling Thunder batting - Pitching for Fort Myers Capitals : RHP Logan Donaldson
Now at 1B: Owen Kriz
Batting: SHB LeAntoine Alexander 0-0: Foul Ball, location: 2F
0-1: Reached on error, E4 (Groundball, 34D, EV 100.0 MPH)
Batting: LHB Skylar Reid 0-0: Ball
1-0: Ball
2-0: Ball
3-0: Base on Balls
LeAntoine Alexander to second
Batting: RHB Connor Collini 0-0: Ball
1-0: Ball
2-0: Ball
3-0: Base on Balls
LeAntoine Alexander to third
Skylar Reid to second
Batting: LHB James Bullock 0-0: Ball
1-0: Ball
2-0: Ball
3-0: Called Strike
3-1: Foul Ball, location: 2F
3-2: Foul Ball, location: 2F
3-2: Foul Ball, location: 2F
3-2: Base on Balls
LeAntoine Alexander scores
Skylar Reid to third
Connor Collini to second
Batting: SHB Donavan Bonner 0-0: Ball
1-0: Ball
2-0: Called Strike
2-1: Foul Ball, location: 2F
2-2: SINGLE (Line Drive, 9LS, EV 86.2 MPH)
Skylar Reid scores
Connor Collini to third
James Bullock to second
Runner from 3rd tries for Home, throw by RF and OUT! 9-2
Batting: RHB Carter Carbon 0-0: Ball
1-0: Foul Ball, location: 2F
1-1: Ball
2-1: SINGLE (Flyball, 8LS, EV 96.2 MPH)
James Bullock to third
Donavan Bonner to second
Batting: RHB Bryce Laursen 0-0: Ball
1-0: Fly out, F7 (Line Drive, 7S, EV 96.2 MPH)
Batting: RHB Chase Bird 0-0: Foul Ball, location: 2F
0-1: Called Strike
0-2: Ball
1-2: Foul Ball, location: 2F
1-2: Ball
2-2: Ball
3-2: Base on Balls
James Bullock scores
Donavan Bonner to third
Carter Carbon to second
Batting: SHB Dominick Edison 0-0: Ball
1-0: Ball
2-0: Ball
3-0: Base on Balls
Donavan Bonner scores
Carter Carbon to third
Chase Bird to second
Batting: SHB LeAntoine Alexander 0-0: Ball
1-0: Ball
2-0: Ground out U3 (Groundball, 3, EV 101.2 MPH)
Top of the 8th over - 4 runs, 2 hits, 1 error, 3 left on base; Janesville 19 - Fort Myers 4
BOTTOM OF THE 8TH
Fort Myers Capitals batting - Pitching for Janesville Rolling Thunder : LHP Grant Henry
Pitching: LHP Kellen LeClair
Pinch Hitting: RHB Teigan Ramirez 0-0: Ground out 6-3 (Groundball, 6, EV 105.0 MPH)
Batting: RHB Malcom Crowley 0-0: Called Strike
0-1: Foul Ball, location: 2F
0-2: Ball
1-2: Strikes out swinging
Batting: LHB Earnest Feher 0-0: Ball
1-0: Called Strike
1-1: Swinging Strike
1-2: Strikes out swinging
Bottom of the 8th over - 0 runs, 0 hits, 0 errors, 0 left on base; Janesville 19 - Fort Myers 4
TOP OF THE 9TH
Janesville Rolling Thunder batting - Pitching for Fort Myers Capitals : RHP Logan Donaldson
Now at 2B: Robby Boehm
Pinch Hitting: LHB Evan Pickett 0-0: Called Strike
0-1: Fly out, F9 (Flyball, 9LM, EV 97.5 MPH)
Pitching: RHP Billy Borovich
Batting: RHB Connor Collini 0-0: Ball
1-0: Ball
2-0: Ball
3-0: Base on Balls
Batting: LHB James Bullock 0-0: Ball
1-0: Called Strike
1-1: Ball
2-1: Ball
3-1: Fly out, F8 (Flyball, 8RM, EV 73.1 MPH)
Batting: SHB Donavan Bonner 0-0: Ball
1-0: Foul Ball, location: 2F
1-1: SINGLE (Groundball, 34S, EV 76.2 MPH) (infield hit)
Connor Collini to second
Batting: RHB Carter Carbon 0-0: Ball
1-0: Swinging Strike
1-1: Ball
2-1: Ball
3-1: Called Strike
3-2: SINGLE (Line Drive, 6M, EV 94.4 MPH)
Connor Collini to third
Donavan Bonner to second
Connor Collini scores
Donavan Bonner to third
Batting: RHB Bryce Laursen 0-0: Ball
1-0: Ball
2-0: Ball
3-0: Base on Balls
Carter Carbon to second
Batting: RHB Chase Bird 0-0: Ball
1-0: Ball
2-0: Ball
3-0: Called Strike
3-1: Reached on error, E4 (Groundball, 4M, EV 85.0 MPH)
Donavan Bonner scores
Carter Carbon to third
Bryce Laursen to second
Batting: SHB Dominick Edison 0-0: Ball
1-0: Ball
2-0: Ball
3-0: Base on Balls
Carter Carbon scores
Bryce Laursen to third
Chase Bird to second
Batting: SHB LeAntoine Alexander 0-0: Ball
1-0: Ball
2-0: Ball
3-0: Base on Balls
Bryce Laursen scores
Chase Bird to third
Dominick Edison to second
Batting: LHB Evan Pickett 0-0: Called Strike
0-1: Foul Ball, location: 2F
0-2: Ball
1-2: Reached on error, E1 (Groundball, 13S, EV 68.1 MPH)
Chase Bird scores
Dominick Edison scores
LeAntoine Alexander to third
Pitching: RHP Steven Cross
Batting: RHB Connor Collini 0-0: Ball
1-0: Ball
2-0: Ball
3-0: Base on Balls
Batting: LHB James Bullock 0-0: Ball
1-0: Ball
2-0: Called Strike
2-1: Ball
3-1: Base on Balls
LeAntoine Alexander scores
Evan Pickett to third
Connor Collini to second
Batting: SHB Donavan Bonner 0-0: Called Strike
0-1: Ball
1-1: Ball
2-1: Foul Ball, location: 2F
Balk!
Evan Pickett scores
Connor Collini to third
James Bullock to second
2-2: Strikes out swinging
Top of the 9th over - 8 runs, 2 hits, 2 errors, 2 left on base; Janesville 27 - Fort Myers 4
BOTTOM OF THE 9TH
Fort Myers Capitals batting - Pitching for Janesville Rolling Thunder : LHP Kellen LeClair
Now at C: Evan Pickett
Batting: RHB Phil Klein 0-0: Ball
1-0: Foul Ball, location: 2F
1-1: Ground out 5-3 (Groundball, 56, EV 78.8 MPH)
Pinch Hitting: RHB Camden O'Neill 0-0: Ball
1-0: Swinging Strike
1-1: Ball
2-1: Ball
3-1: Foul Ball, location: 2F
3-2: Ground out 4-3 (Groundball, 4, EV 110.6 MPH)
Batting: RHB Mitchell Metz 0-0: Swinging Strike
0-1: SINGLE (Flyball, 5D, EV 96.2 MPH)
Batting: RHB Abraham Koziarz 0-0: Ball
1-0: Foul Ball, location: 2F
1-1: Called Strike
1-2: Strikes out swinging
Bottom of the 9th over - 0 runs, 1 hit, 0 errors, 1 left on base; Janesville 27 - Fort Myers 4
Monday, April 29th , 2024 - OOTP Baseball 23.10 Build 110